 Dungeon Crawl Stone Soup version 0.28.0-43-g3370ac3207 (webtiles) character file.

Game seed: 114602590374563327

207 terff the Grave Robber (level 5, 0/36 HPs)
             Began as a Mummy Necromancer on Mar 20, 2022.
             Slain by a mummy (14 damage)
             ... in an ossuary.
             The game lasted 00:15:20 (4271 turns).

terff the Grave Robber (Mummy Necromancer)          Turns: 4271, Time: 00:15:20

Health: 0/36       AC: 10    Str: 12    XL:     5   Next: 54%
Magic:  12/12      EV: 12    Int: 16    God:
Gold:   138        SH:  5    Dex: 12    Spells: 10/14 levels left

rFire   x . .      SeeInvis .   j - +2 rapier (protect)
rCold   + . .      Faith    .   (no shield)
rNeg    + + +      Spirit   .   a - +1 robe
rPois   ∞          Reflect  +   (no helmet)
rElec   .          Harm     .   (no cloak)
rCorr   .          Rampage  .   (no gloves)
Will    .....                   (no boots)
Stlth   ++........              g - amulet of reflection
HPRegen 0.12/turn               (no ring)
MPRegen 0.13/turn               (no ring)

@: under a protective aura
A: cold resistance 1, negative energy resistance 3, torment resistance 2, heat
vulnerability 1, no potions
a: no special abilities


You were in an ossuary.
You visited 1 branch of the dungeon, and saw 4 of its levels.
You also visited: Ossuary.

You collected 138 gold pieces.

Inventory:

Hand Weapons
 f - a +1 morningstar of venom
 j - a +2 rapier of protection (weapon)
Armour
 a - a +1 robe (worn)
Jewellery
 g - an amulet of reflection (around neck)
Wands
 i - a wand of digging (4)
Scrolls
 b - a scroll of vulnerability
 c - a scroll of identify
 k - 2 scrolls of enchant weapon {unknown}
Potions
 d - 2 potions of might
 e - 2 potions of lignification
 h - a potion of berserk rage
 l - a potion of heal wounds {unknown}
 m - a potion of ambrosia {unknown}
 n - a potion of degeneration {unknown}


   Skills:
 + Level 0.7 Fighting
 + Level 0.2 Short Blades
 + Level 1.6 Dodging
 + Level 1.9 Stealth
 + Level 5.2 Spellcasting
 + Level 5.3 Necromancy


You had 10 spell levels left.
You knew the following spells:

 Your Spells              Type           Power      Damage    Failure   Level
a - Pain                  Necr           84%        1d8       1%          1
b - Vampiric Draining     Necr           21%        2d7       4%          3

Your spell library contained the following spells:

 Spells                   Type           Power      Damage    Failure   Level
 Animate Skeleton         Necr           42%        N/A       1%          1
 Animate Dead             Necr           10%        N/A       16%         4
 Gell's Gravitas          Tloc           4%         N/A       41%         3
 Lesser Beckoning         Tloc           4%         N/A       41%         3
 Teleport Other           Tloc           4%         N/A       41%         3
 Agony                    Necr           21%        N/A       41%         5


Dungeon Overview and Level Annotations

Branches:
Dungeon (4/15)            Ossuary (1/1)
 Temple: D:4-7

Altars:

Shops:
D:3 :


Innate Abilities, Weirdness & Mutations

You are immune to poison.
Your flesh is cold resistant. (rC+)
You are immune to negative energy. (rN+++)
You are immune to unholy pain and torment.
You are vulnerable to heat. (rF-)
You do not drink.


Message History

You hit the mummy.
The mummy is moderately damaged.
The mummy hits you.
You hit the mummy.
The mummy is severely damaged.
You hit the mummy.
The mummy is almost destroyed.
The mummy barely misses you.
You hit the mummy.
You destroy the mummy!
The orc zombie closely misses you.
You hit the orc zombie.
The orc zombie is moderately damaged.
You block the orc zombie's attack.
You hit the orc zombie.
The orc zombie is severely damaged.
The orc zombie hits you but does no damage.
You barely miss the orc zombie.
The orc zombie is severely damaged.
The mummy hits you. You block the orc zombie's attack.
You hit the orc zombie.
You destroy the orc zombie!
The mummy closely misses you.
There are monsters nearby!
Casting: Pain (safe; 1% risk of failure)
Confirm with . or Enter, or press ? or * to list all spells.
You can't see any susceptible monsters within range! (Use Z to cast anyway.)
You hit the mummy.
The mummy is moderately damaged.
The mummy closely misses you.
You hit the mummy but do no damage. You punch the mummy.
The mummy is lightly damaged.
The mummy barely misses you. The mummy hits you!
You hit the mummy.
The mummy is moderately damaged.
The mummy barely misses you. x2; The mummy hits you but does no damage.
You hit the mummy.
The mummy is heavily damaged.
The mummy hits you!
You die...

...........
..........
..........
#........
#......
#....#
#...Z#
#...M#
#..M@#
#..M.#
#....#
#....#
#....#
#.∩∩.#
######


You could see 3 mummies and a gnoll zombie.

Vanquished Creatures
  Ijyb (D:3)
  2 iguanas
  A mummy (Ossuary)
  4 adders
  A worm (D:3)
  A dart slug (D:2)
  8 orcs (D:3)
  7 ball pythons
  4 bats
  3 endoplasms
  4 giant cockroaches
  5 goblins
  4 hobgoblins (D:3)
  A jackal (D:3)
  6 quokkas
  3 frilled lizards
  2 hobgoblin zombies (Ossuary)
  3 kobolds
  A kobold zombie (Ossuary)
  3 orc zombies (Ossuary)
  8 rats
72 creatures vanquished.

Vanquished Creatures (others)
  7 plants (D:3)
7 creatures vanquished.

Grand Total: 79 creatures vanquished

Notes
Turn   | Place    | Note
-------+----------+-------------------------------------------
     0 | D:1      | terff the Mummy Necromancer began the quest for the Orb.
     0 | D:1      | Reached XP level 1. HP: 13/13 MP: 4/4
   433 | D:1      | Found a faded altar of an unknown god.
   477 | D:1      | Reached XP level 2. HP: 19/19 MP: 3/5
  1657 | D:2      | Reached XP level 3. HP: 6/24 MP: 1/7
  2578 | D:3      | Reached skill level 5 in Necromancy
  2578 | D:3      | Reached XP level 4. HP: 22/30 MP: 2/9
  2866 | D:3      | Learned a level 3 spell: Vampiric Draining
  2906 | D:3      | Noticed Ijyb
  2947 | D:3      | Killed Ijyb
  3086 | D:3      | Reached XP level 5. HP: 27/35 MP: 6/12
  3269 | D:3      | Found Cynot's Book Shoppe.
  3808 | D:4      | Reached skill level 5 in Spellcasting
  4091 | D:4      | Found a sand-covered staircase.
  4102 | Ossuary  | Entered an ossuary
  4271 | Ossuary  | Slain by a mummy

Illustrated notes

Levels and vault maps discovered:
D:1:      giann_wishing_wells, layout_basic,
          hellmonk_ecumenical_altar_pennies_from_heaven,
          amcnicky_mini_corridor_feature, patterned_corridor
D:2:      layout_basic, minmay_pentomino_t2
D:3:      layout_loops_ring, serial_shops, nicolae_shop_waterfront,
          serial_bayou_pond_b, uniq_ijyb
D:4:      layout_basic, gup_ossuary_entry_pyramid
Ossuary:  ossuary_tomb_3

Skill      XL: |  1  2  3  4  5 |
---------------+----------------+-----
Spellcasting   | 3 4 5 |  5.2
Necromancy     | 5 |  5.3
Fighting       | |  0.7
Short Blades   | |  0.2
Dodging        | |  1.6
Stealth        | |  1.9

Action                   |  1- 3 |  4- 6 || total
-------------------------+-------+-------++-------
Melee: Unarmed           |    11 |       ||    11
       Short sword       |     7 |       ||     7
       Morningstar       |     3 |     4 ||     7
       Rapier            |       |    47 ||    47
       Punch             |       |     1 ||     1
 Cast: Pain              |    62 |    40 ||   102
       Vampiric Draining |       |     2 ||     2
  Use: Scroll            |     1 |     6 ||     7
 Stab: Sleeping          |     1 |     1 ||     2
Armor: Robe              |     8 |    16 ||    24
Dodge: Dodged            |    35 |    34 ||    69
Block: Other             |     1 |    14 ||    15
